 Dungeon Crawl Stone Soup version 0.28-a0-628-g3c9886e45e (webtiles) character file.

Game seed: 5118943800217303834

181 funkygono the Firebug (level 5, -3/29 HPs)
             Began as a Gargoyle Fire Elementalist on Oct 9, 2021.
             Slain by an orc warrior (10 damage)
             ... on level 2 of the Dungeon.
             The game lasted 00:06:28 (3900 turns).

funkygono the Firebug (Gargoyle Fire Elementalist)  Turns: 3900, Time: 00:06:28

Health: -3/29      AC:  8    Str: 10 (11) XL:     5   Next: 61%
Magic:  6/10       EV: 11    Int: 14 (17) God:
Gold:   175        SH:  0    Dex:  7 (10) Spells: 1/11 levels left

rFire   . . .      SeeInvis .   e - +1 whip
rCold   . . .      Faith    .   (no shield)
rNeg    + . .      Spirit   .   a - +1 robe
rPois   ∞          Reflect  .   h - +0 helmet
rElec   +          Harm     .   (no cloak)
rCorr   .          Rampage  .   (no gloves)
Will    .....                   (no boots)
Stlth   ++........              (no amulet)
HPRegen 0.09/turn               (no ring)
MPRegen 0.12/turn               (no ring)

@: no status effects
A: sickness immunity, AC +4, negative energy resistance 1, electricity
resistance, torment resistance 1, petrification resistance
a: no special abilities


You were on level 2 of the Dungeon.
You visited 1 branch of the dungeon, and saw 4 of its levels.

You collected 175 gold pieces.

Inventory:

Hand Weapons
 e - a +1 whip (weapon)
Missiles
 f - 99 stones
Armour
 a - a +1 robe (worn)
 g - a +1 scale mail of poison resistance
 h - a +0 helmet (worn)
Magical Staves
 i - a staff of earth
Scrolls
 b - a scroll of vulnerability
Potions
 d - 2 potions of curing
 j - a potion of might {unknown}
 l - a potion of heal wounds {unknown}
 n - a potion of degeneration


   Skills:
 + Level 1.2 Fighting
 + Level 1.7 Dodging
 - Level 2.1 Stealth
 * Level 3.8 Spellcasting
 * Level 2.1 Conjurations
 * Level 4.0 Fire Magic


You had one spell level left.
You knew the following spells:

 Your Spells              Type           Power      Damage    Failure   Level
a - Foxfire               Conj/Fire      44%        2x1d6     5%          1
b - Scorch                Fire           28%        2d6       5%          2
c - Conjure Flame         Conj/Fire      11%        6-21      16%         3
d - Flame Wave            Conj/Fire      11%        3d4       47%         4

Your spell library contained the following spells:

 Spells                   Type           Power      Damage    Failure   Level
 Inner Flame              Hex/Fire       8%         N/A       26%         3


Dungeon Overview and Level Annotations

Branches:
Dungeon (4/15)
 Temple: D:4-7

Altars:
Vehumet

Shops:
D:1 ?


Innate Abilities, Weirdness & Mutations

You are immune to sickness and miasma.
Your stone body is resilient. (AC +4)
You are immune to poison.
You resist negative energy. (rN+)
You are resistant to electric shocks. (rElec)
You are resistant to unholy torment.
You are immune to petrification.


Message History

Confirm with . or Enter, or press ? or * to list all spells.
You don't have enough magic to cast this spell.
Unknown command.
Casting: Foxfire (safe; 5% risk of failure)
Confirm with . or Enter, or press ? or * to list all spells.
The spell is quite dangerous to cast (16% risk of failure)!
Continue anyway?
You miscast Conjure Flame.
You are very lightly contaminated with residual magic.
Nothing appears to happen.
There is a stone staircase leading up here.
You climb upwards.
Your magical contamination has completely faded away.
There is a stone staircase leading down here.
You start resting.
Magic restored.
You start resting.
HP restored.
You climb downwards.
The orc warrior closely misses you.
There is a stone staircase leading up here.
The orc warrior barely misses you.
You climb upwards.
There is a stone staircase leading down here.
Casting: Conjure Flame (quite dangerous; 16% risk of failure)
Confirm with . or Enter, or press ? or * to list all spells.
You conjure some foxfire!
The orc warrior hits you with a +2 dire flail of protection!
Ouch! That really hurt!
Casting: Foxfire (safe; 5% risk of failure)
Confirm with . or Enter, or press ? or * to list all spells.
You conjure some foxfire!
The foxfire hits the orc warrior but does no damage. x2
The orc warrior hits you with a +2 dire flail of protection!
* * * LOW HITPOINT WARNING * * *
Unknown command.
Casting: Foxfire (safe; 5% risk of failure)
Confirm with . or Enter, or press ? or * to list all spells.
Flames lash the orc warrior but do no damage.
The foxfire hits the orc warrior but does no damage. x2
The orc warrior hits you with a +2 dire flail of protection!
You die...

##....##########.# ♣.♣
♣♣.♣♣ ####.........#
#.# ♣♣♣ ♣..♣ #
#.........# #.# ♣..♣♣
####.........# #.#
♣♣..♣
.............###.#
♣..♣
.................#♣♣♣
♣♣..
....................♣
♣♣.
.....####......§§#♣.♣♣
♣. .....#
#.....§.@#♣..♣♣♣ ♣.
.....#
#.......o#♣♣...♣♣♣♣ ♣♣
.....# #........#
♣♣.♣.♣.♣♣ ♣ .....#
#........# ♣♣♣♣..)♣♣♣
♣ .....# #........#
♣♣♣.♣.♣♣♣♣
##'#############.#
♣♣..♣.♣♣.
#.##.........##.#
♣..♣♣...♣
##.............#.#
♣♣.♣♣♣♣♣♣♣
...............#.#
♣♣..♣


You could see an orc warrior.

Vanquished Creatures
  A scorpion (D:4)
  Terence (D:3)
  3 adders
  A worm (D:2)
  A dart slug (D:1)
  2 orcs (D:4)
  An endoplasm (D:2)
  4 giant cockroaches
  8 goblins
  12 hobgoblins
  5 jackals (D:1)
  5 kobolds
  2 quokkas (D:1)
  4 ball pythons
  4 frilled lizards
  A jackal skeleton (D:4)
  3 rats
58 creatures vanquished.

Vanquished Creatures (others)
  187 foxfires
187 creatures vanquished.

Grand Total: 245 creatures vanquished

Notes
Turn   | Place    | Note
-------+----------+-------------------------------------------
     0 | D:1      | funkygono the Gargoyle Fire Elementalist began the quest
                  | for the Orb.
     0 | D:1      | Reached XP level 1. HP: 10/10 MP: 3/3
    26 | D:1      | Found a faded altar of an unknown god.
   302 | D:1      | Reached XP level 2. HP: 15/15 MP: 1/5
   393 | D:1      | Learned a level 2 spell: Scorch
   544 | D:1      | Found Qaesyusi's Magic Scroll Emporium.
   745 | D:1      | Reached XP level 3. HP: 19/19 MP: 1/6
   749 | D:1      | Learned a level 3 spell: Conjure Flame
  1702 | D:2      | Reached XP level 4. HP: 24/24 MP: 4/8
  2407 | D:3      | Noticed Terence
  2423 | D:3      | Killed Terence
  3184 | D:3      | Learned a level 4 spell: Flame Wave
  3222 | D:4      | Found a radiant altar of Vehumet.
  3228 | D:4      | Noticed a scorpion
  3233 | D:4      | Killed a scorpion
  3234 | D:4      | Reached skill level 1 in Fighting
  3234 | D:4      | Reached XP level 5. HP: 29/29 MP: 1/10
  3316 | D:4      | Noticed an orc warrior
  3583 | D:4      | Reached skill level 4 in Fire Magic
  3636 | D:3      | HP: 1/29 [orc warrior (6)]
  3900 | D:2      | Slain by an orc warrior

Illustrated notes

Levels and vault maps discovered:
D:1:      wheals_arrival_shading, layout_rooms, serial_shops, shop,
          shapermc_ecumenical_altar_mp_urbaneastern
D:2:      kb_forest_paths, layout_basic
D:3:      cheibrodos_greedy_goblins, layout_basic, uniq_terence
D:4:      layout_cave_pools, pf_just_have_faith,
          mainiacjoe_overflow_concentric_impassable, uniq_ijyb

Skill      XL: |  1  2  3  4  5 |
---------------+----------------+-----
Spellcasting   | 3 |  3.8
Fighting       | 1 |  1.2
Conjurations   | 2 |  2.1
Fire Magic     | 4 |  4.0
Dodging        | |  1.7
Stealth        | |  2.1

Action                   |  1- 3 |  4- 6 || total
-------------------------+-------+-------++-------
Melee: Whip              |     6 |     9 ||    15
 Cast: Foxfire           |    54 |    56 ||   110
       Scorch            |     4 |    14 ||    18
  Use: Scroll            |     3 |     2 ||     5
       Potion            |       |     3 ||     3
Armor: Robe              |     6 |     9 ||    15
Dodge: Dodged            |    10 |    15 ||    25

Table legend: (Time is in decaauts)
 A = Elapsed time spent in this place.
 B = Non-inter-level travel time spent in this place.
 C = Inter-level travel time spent in this place.
 D = Time resting spent in this place.
 E = Time spent auto-exploring this place.
 F = Levels seen in this place.
 G = Mean time per level.
                   A        B        C        D        E       F      G
               +--------+--------+--------+--------+--------+-----+--------+
         Total |   3902 |   3758 |    144 |    755 |   2384 |   4 |  975.5 |
       Dungeon |   3902 |   3758 |    144 |    755 |   2384 |   4 |  975.5 |
               +--------+--------+--------+--------+--------+-----+--------+

Top non-repeatable levels by time:
     D:2: 1294 daAuts
     D:1: 1222 daAuts
     D:3: 1180 daAuts
     D:4: 205 daAuts
